Unix NetHack Version 5.0.0-0 post-release - last build Jun 10 2026 00:39:30 (3ee93aec679c4c4259841fe613dc97188e26a321,branch:main).

Game began 2026-06-19 00:51:15, ended 2026-06-26 06:55:12.

Brudee, chaotic female human Rogue

                                  A       D

                                 @A

     A      @                     @         A                  A  A  A
               A                 A     @                                  B
              @       @    &                 A
       @    @ A                     ---+-   @     & @  @ A    @      @
         @     A@      @  A          ...         @        A A@  A
        @        @   @       A       A@@Ja a        @  @       A
                       @               a            @          q           B
                                      aaaaa                     @
     A      @A             -------  a@aaA@aa                   @ @@
                           ......|    aa@&aa            A
                             -...-  @@ aaaaa    O      A    |
                             |....- aaaaaaa  3       Q  ....
                             ---.D.----[--  pD       AA
                                ..a...aaAA  A
                                ---------
Brudee the Filcher      St:18/15 Dx:18 Co:17 In:15 Wi:18 Ch:12  Chaotic S:1661468
Astral Plane $:0  HP:0(147) Pw:184(195) AC:-28 Xp:22/20036677 T:38187  Blind Lev

Latest messages:
 The priest of Moloch casts a spell!
 The priest of Moloch summons insects!
 You kill the giant ant!
 The soldier ant just misses!
 The soldier ant misses!
 The killer bee misses!
 The soldier ant misses!
 The soldier ant misses!
 You hear some noises in the distance.
 The priest of Issek misses!
 The priest of Issek misses!
 The priest of Issek casts a spell at you!
 You feel momentarily dizzy.
 The killer bee misses!
 What do you want to zap? [ef or ?*] e
 In what direction? y
 You kill the killer bee!
 You kill the giant beetle!
 The killer bee misses!
 The soldier ant misses!
 The soldier ant misses!
 Death reaches out with its deadly touch.
 You feel your life force draining away...
 Death reaches out with its deadly touch.
 You feel your life force draining away...
 You hear a nearby zap.
 Your arm tingles.
 The priest of Issek hits!
 The priest of Issek misses!
 The priest of Moloch casts a spell!
 The priest of Moloch summons insects!
 You hit the giant beetle.
 You hit the giant beetle.
 The giant beetle misses!
 The giant beetle misses!
 The giant beetle bites!
 The soldier ant misses!
 The soldier ant stings!
 The soldier ant's sting was poisoned!
 The poison doesn't seem to affect you.
 Death reaches out with its deadly touch.
 You feel your life force draining away...
 Death reaches out with its deadly touch.
 You feel your life force draining away...
 The priest of Mog casts a spell!
 The priest of Mog summons insects!
 The priest of Issek hits!
 You die...
 Do you want your possessions identified? [ynq] (y) y
 Do you want to see your attributes? [ynq] (y) q

Inventory:
 Amulets  ('"')
  x - an uncursed amulet of magical breathing (being worn)
  A - the Amulet of Yendor named REAL AMULET
 Weapons  (')')
  V - a +4 crysknife (wielded in left hand)
  H - the blessed +7 Werebane (wielded in right hand)
 Armor    ('[')
  N - an uncursed fireproof +7 elven leather helm (being worn)
  P - a blessed greased fireproof +3 pair of gauntlets of dexterity (being worn)
  b - an uncursed fireproof +3 pair of speed boots (being worn)
  h - an uncursed fireproof +4 cloak of displacement (being worn)
  Z - an uncursed +4 Hawaiian shirt with a tropical fish motif (being worn)
  k - a blessed rotproof +4 gray dragon scale mail (being worn)
 Comestibles  ('%')
  Q - 2 uncursed food rations
 Scrolls  ('?')
  Y - 2 blessed scrolls of charging
  z - an uncursed scroll of enchant armor
  J - an uncursed scroll of genocide
  G - 4 uncursed scrolls of light
  p - 6 uncursed scrolls of taming
 Rings    ('=')
  U - an uncursed ring of conflict
  q - an uncursed ring of free action (on right hand)
  E - a cursed ring of levitation (on left hand)
 Wands    ('/')
  e - a wand of death (1:3)
  f - a wand of digging (0:6)
 Tools    ('(')
  i - an uncursed bag of holding containing 49 items
  o - an empty cursed sack
  C - a magic flute (0:0)
  S - the blessed Master Key of Thievery
  a - a +0 pick-axe named cold
  u - a +0 unicorn horn
 Gems/Stones  ('*')
  c - a blessed luckstone

Contents of the bag of holding:
  a +0 elven dagger
  the blessed fireproof +5 Sting
  the rustproof +2 Dragonbane
  the +0 Orcrist
  a +1 silver saber
  a blessed +2 helm of brilliance
  an uncursed -3 helm of opposite alignment
  an uncursed -2 pair of water walking boots
  5 uncursed apples
  an uncursed clove of garlic
  an uncursed cram ration
  an uncursed cream pie
  an uncursed eucalyptus leaf
  an uncursed partly eaten food ration
  4 uncursed food rations
  3 uncursed lumps of royal jelly
  an uncursed pear
  2 uncursed tins of quantum mechanic meat
  an uncursed egg
  an uncursed lizard corpse
  an uncursed scroll of amnesia
  a blessed scroll of blank paper
  an uncursed scroll of create monster
  4 uncursed scrolls of destroy armor
  2 blessed scrolls of enchant armor
  an uncursed scroll of punishment
  2 blessed scrolls of teleportation
  a cursed scroll of teleportation
  a cursed potion of gain level
  an uncursed ring of conflict
  an uncursed -1 ring of gain constitution
  an uncursed ring of invisibility
  an uncursed ring of polymorph
  an uncursed +3 ring of protection
  an uncursed ring of slow digestion
  an uncursed ring of slow digestion
  an uncursed ring of sustain ability
  an uncursed ring of teleport control
  an uncursed ring of warning
  a can of grease (0:20)
  a can of grease (0:17)
  a blessed magic marker (1:8)
  an uncursed stethoscope
  a tinning kit (0:24)
  7 uncursed amethyst stones
  7 uncursed diamonds
  6 uncursed emeralds
  5 uncursed rubies
  a blessed touchstone

Brudee the Rogue's attributes:

Background:
 You were a Filcher, a level 22 female human Rogue.
 You were chaotic, on a mission for Kos
 who was opposed by Issek (lawful) and Mog (neutral).
 You were right-handed.
 You were in the endgame, on the Astral Plane.
 You entered the dungeon 38187 turns ago.
 You had 20036677 experience points, 9963323 more were needed for level 23.
 Your score was 1661468 before end-of-game adjustments.

Basics:
 You had 0 out of 147 hit points.
 You had 184 out of 195 energy points (spell power).
 Your armor class was -28.
 Your wallet was empty.
 Autopickup was off.

Final Characteristics:
 Your strength was 18/15 (limit:18/100).
 Your dexterity was 18 (base:15, peak:18, limit:18).
 Your constitution was 17 (peak:18, limit:18).
 Your intelligence was 15 (limit:18).
 Your wisdom was 18 (limit:18).
 Your charisma was 12 (limit:18).

Final Status:
 You were levitating.
 You were temporarily blind.
 You weren't hungry.
 You were unencumbered.
 You were wielding two weapons at once.
 Your two weapon skill was limited by being skilled with saber.
 Your two weapon skill was also limited by being skilled with knife.

Final Attributes:
 You were piously aligned.
 You were magic-protected.
 You were fire resistant.
 You were cold resistant.
 You were sleep resistant.
 You were disintegration resistant.
 You were shock resistant.
 You were poison resistant.
 You would have seen invisible when not blind.
 You were telepathic.
 You were warned.
 You had automatic searching.
 You were invisible to others.
 You were displaced.
 You aggravated monsters.
 You could teleport.
 You had teleport control.
 You could survive without air.
 You were warded.
 You took half physical damage.
 You were very fast.
 You had free action.
 You were extremely lucky.
 You had extra luck.
 Good luck did not time out for you.
 You are dead (2nd time!).

Miscellaneous:
 You encountered 2 bones levels.
 Total elapsed playing time was 16 hours, 46 minutes and 46 seconds.

Major events:
 Turn
    1: Brudee the chaotic female human Rogue entered the dungeon
 1691: attained the rank of Cutpurse (level 3)
 1709: was bestowed with Sting by Kos
 2465: entered the Gnomish Mines
 3193: reached Mine Town
 3217: attained the rank of Rogue (level 6)
 5433: acquired the Mines' End luckstone
 6453: killed Izchak, the lighting store proprietor
 6517: killed Aned, the hardware store proprietor
 6540: killed Bojolali, the delicatessen proprietor
 8827: attained the rank of Pilferer (level 10)
 9598: entered the Bigroom
11255: killed Croesus
13519: entered Sokoban
13742: attained the rank of Robber (level 14)
14114: was bestowed with Dragonbane by Kos
14256: was bestowed with Werebane by Kos
16331: entered Home 1, the Quest
16520: the Master of Thieves has granted access to proceed deeper into the quest
16637: entered Home 2, the Quest
16829: entered Home 3, the Quest
17096: entered Home 4, the Quest
17398: entered Home 5, the Quest
18593: found the Master Key of Thievery on the floor
18612: killed the Master Assassin
18614: acquired the Bell of Opening
20368: killed Medusa
21512: chose a runed broadsword to be named "Orcrist"
21535: made her first wish - "magic marker (99)", got "a magic marker"
21592: wished for "blessed fixed greased +2 gray dragon scale mail", got "a greased gray dragon scale mail"
22035: entered Gehennom
22086: found Mjollnir on the floor
22288: attained the rank of Burglar (level 18)
22957: wished for "blessed amulet of flying", got "a triangular amulet"
24012: killed Asmodeus
24505: killed Juiblex
26113: killed Yeenoghu
27891: performed her first genocide (class L)
27892: genocided class h
30485: killed Orcus
31281: wished for "magic marker (99)", got "a magic marker"
32271: killed Baalzebub
32429: killed Dispater
32819: killed Geryon
35248: wished for "blessed greased fixed +2 gauntlets of dexterity", got "a greased pair of fencing gloves"
35639: destroyed Vlad the Impaler
35646: acquired the Candelabrum of Invocation
36176: killed the Wizard of Yendor
36179: acquired the Book of the Dead
36426: performed the invocation
36526: attained the rank of Filcher (level 22)
36739: killed the high priest of Moloch
36742: acquired The Amulet of Yendor
36742: wished for "2 potions of full healing", got "2 potions of full healing"
36802: killed the Wizard of Yendor (2nd time)
37101: killed the Wizard of Yendor (3rd time)
37408: averted death (drowned in a moat by a couatl)
37936: entered the Elemental Planes
37936: entered Plane of Earth
37937: killed the Wizard of Yendor (5th time)
37957: entered Plane of Air
38059: entered Plane of Fire
38108: entered Plane of Water
38163: entered the Astral Plane
38172: killed Death
38187: killed by a priest of Issek

Spells:
 Name                 Level Category     Fail Retention
 detect monsters        1   divination    27%    (gone)
 force bolt             1   attack        27%    (gone)
 cure sickness          3   healing       43%    (gone)
 healing                1   healing       27%    (gone)
 create monster         2   clerical      27%    1%-25%
 cure blindness         2   healing       27%  76%-100%
 confuse monster        1   enchantment   27%  76%-100%

Skills:
 Fighting Skills
   bare handed combat [Unskilled]
   two weapon combat  [Expert]
   riding             [Unskilled]
 Weapon Skills
   dagger             [Expert]
   knife              [Skilled]
   short sword        [Basic]
   broadsword         [Unskilled]
   long sword         [Unskilled]
   two-handed sword   [Unskilled]
   saber              [Skilled]
   club               [Unskilled]
   mace               [Unskilled]
   morning star       [Unskilled]
   flail              [Unskilled]
   hammer             [Unskilled]
   polearms           [Unskilled]
   spear              [Unskilled]
   crossbow           [Unskilled]
   dart               [Unskilled]
   shuriken           [Unskilled]
 Spellcasting Skills
   divination spells  [Unskilled]
   escape spells      [Unskilled]
   matter spells      [Unskilled]

Voluntary challenges:
 Character rerolling was not enabled.
 You genocided 11 types of monsters.
 You used 6 wishes (1 for an artifact).
 You did not violate any of the special Sokoban rules.
Achievements:
 You attained the rank of Cutpurse.
 You entered a shop.
 You entered the Gnomish Mines.
 You entered Minetown.
 You attained the rank of Rogue.
 You entered a temple.
 You completed the Gnomish Mines.
 You attained the rank of Pilferer.
 You entered the Big Room.
 You entered Sokoban.
 You attained the rank of Robber.
 You handled the Bell of Opening.
 You defeated Medusa.
 You entered Gehennom.
 You attained the rank of Burglar.
 You handled the Candelabrum of Invocation.
 You handled the Book of the Dead.
 You gained access to Moloch's Sanctum.
 You attained the rank of Filcher.
 You had the Amulet of Yendor.
 You reached the Elemental Planes.
 You reached the Astral Plane.

 The Elemental Planes:
    Astral Plane: <- You were here.
       Final resting place for
          you, killed by a priest of Issek.
    Plane of Water:
    Plane of Fire:
    Plane of Air:
    Plane of Earth:
 The Dungeons of Doom: levels 1 to 25
    Level 1:
       An altar to Kos.
       One way stairs up to The Elemental Planes.
    Level 2:
       Stairs down to The Gnomish Mines.
    Level 3:
       A general store, a fountain, a grave.
    Level 4:
       A general store.
    Level 5:
       Some fountains.
    Level 6:
       A grave.
    Level 7:
    Level 8:
       Many fountains.
       Oracle of Delphi.
    Level 9:
       A temple and an altar to Kos.
       Stairs up to Sokoban, level 8.
    Level 10:
       A fountain.
    Level 11:
    Level 12:
       A very big room.
    Level 13:
    Level 14:
       A general store, some fountains.
       Portal to The Quest.
    Level 15:
    Level 16:
    Level 17:
       A fountain.
    Level 18:
       A primitive area.
    Level 19:
       Portal to Fort Ludios.
    Level 20:
    Level 21:
       A grave.
    Level 22:
    Level 23:
    Level 24:
    Level 25:
       A fountain.
       Connection to Gehennom.
 Gehennom: levels 26 to 45
    Level 26:
       A temple and an altar, many graves.
       Valley of the Dead.
    Level 27:
    Level 28:
    Level 29:
    Level 30:
    Level 31:
       A fountain.
    Level 32:
    Level 33:
    Level 34:
    Level 35:
       Some shops, an altar, many graves.
    Level 36:
    Level 37:
       Stairs up to Vlad's Tower, level 36.
    Level 38:
    Level 39:
    Level 40:
    Level 41:
    Level 42:
    Level 43:
    Level 44:
    Level 45:
       A temple and an altar, many graves.
       Moloch's Sanctum.
 The Gnomish Mines: levels 3 to 10
    Level 3:
    Level 4:
    Level 5:
    Level 6: "BLACK UNICORN"
       Many shops, a temple and an altar, some fountains, some trees.
    Level 7:
       A grave.
       Final resting place for
          ironrat-Wiz-Hum-Mal-Neu, killed by a dwarf.
    Level 8:
    Level 9:
       A grave.
       Final resting place for
          magnolian-Val-Hum-Fem-Law, killed by a soldier ant.
    Level 10:
 The Quest: levels 1 to 5
    Level 1:
       Completed quest for the Master of Thieves.
    Level 2:
    Level 3:
    Level 4:
    Level 5:
 Sokoban:
    Level 8:
       Unsolved.
 Fort Ludios:
    Level 1:
       Fort Ludios.
 Vlad's Tower: levels 36 up to 34
    Level 34:
    Level 35:
    Level 36:


Vanquished creatures:
    Asmodeus
    Baalzebub
    Dispater
    Geryon
    Orcus
    Yeenoghu
  3 erinyes
    Juiblex
the Wizard of Yendor (5 times)
    Death
    Vlad the Impaler
 an arch-lich
  a high cleric
  2 mastodons
    Medusa
    Croesus
  3 krakens
  5 iron golems
  7 master liches
  a storm giant
  a titan
  a glass golem
  7 balrogs
 10 purple worms
  4 silver dragons
 15 red dragons
 10 white dragons
  3 orange dragons
 17 black dragons
  3 blue dragons
  2 green dragons
  9 yellow dragons
 28 minotaurs
  a jabberwock
the Master Assassin
 11 baluchitheria
 an Angel
  4 demiliches
  6 stone golems
  2 master mind flayers
 13 Olog-hai
  2 Nazgul
 12 pit fiends
  2 sandestins
  6 hell hounds
  4 displacer beasts
  3 titanotheres
  7 trappers
  4 baby red dragons
  a baby white dragon
 23 guardian nagas
  4 genetic engineers
  5 disenchanters
 34 vampire leaders
  9 skeletons
  3 shopkeepers
 11 aligned clerics
 10 captains
  6 shades
  6 liches
  a clay golem
  a nurse
 12 ice devils
 13 nalfeshnees
  4 lurkers above
  2 Aleaxes
  3 frost giants
  8 ettins
  a golden naga
  4 black puddings
 29 vampires
  9 lieutenants
 41 ghosts
  3 queen bees
  9 winged gargoyles
  a mind flayer
  5 giant mimics
  6 long worms
  8 zruties
  6 fire giants
  5 ogre tyrants
  2 ice trolls
  3 rock trolls
  5 umber hulks
  4 flesh golems
  4 elven monarchs
  a doppelganger
 23 hezrous
 21 bone devils
  5 large mimics
  4 wumpuses
  2 fire vortices
  5 couatls
 15 stalkers
  8 air elementals
 15 fire elementals
  4 earth elementals
  9 water elementals
  2 hill giants
  7 giant mummies
  4 black nagas
 18 xorns
 20 giant zombies
  4 elf-nobles
 20 sergeants
  2 water demons
 13 barbed devils
 27 vrocks
  8 salamanders
 11 wargs
  2 winter wolves
 19 hell hound pups
 20 small mimics
  2 glass piercers
  6 warhorses
 10 steam vortices
 19 xans
  2 ettin mummies
 12 quantum mechanics
 13 trolls
  5 wood golems
  6 mariliths
  4 sharks
  6 electric eels
 15 gelatinous cubes
  6 pyrolisks
  2 large dogs
  9 flaming spheres
  8 shocking spheres
  2 large cats
  4 tigers
  5 gargoyles
  9 tengu
  9 ochre jellies
  9 leocrottas
  2 energy vortices
  5 mountain centaurs
  2 stone giants
  2 elf mummies
  8 human mummies
  5 red nagas
 10 green slimes
  3 pythons
  a pit viper
  3 cobras
 54 wraiths
  9 carnivorous apes
 17 ettin zombies
  2 leather golems
  3 Grey-elves
120 soldiers
  a watchman
 11 amorous demons
 12 horned devils
 31 chameleons
 10 crocodiles
 23 giant beetles
 10 quivering blobs
 22 cockatrices
  9 wolves
  6 winter wolf cubs
  4 lynxes
  6 panthers
  9 gremlins
  5 spotted jellies
 51 leprechauns
  6 orc-captains
  4 iron piercers
  3 mumakil
 21 giant spiders
  7 scorpions
  7 horses
 an ice vortex
 18 black lights
 11 vampire bats
  3 forest centaurs
  5 gnome rulers
  2 orc mummies
  7 dwarf mummies
  3 ogres
  4 brown puddings
  6 rust monsters
 11 owlbears
  5 yetis
  4 gold golems
  3 werewolves
  4 Green-elves
  3 piranha
 11 giant eels
 12 lizards
 15 chickatrices
  6 dingoes
  2 dogs
  a housecat
  7 jaguars
  4 dwarf leaders
  7 blue jellies
  3 white unicorns
  4 gray unicorns
 10 dust vortices
  5 ravens
  3 plains centaurs
  4 gnome mummies
  9 snakes
 17 apes
 19 human zombies
  5 rope golems
  2 Woodland-elves
 18 soldier ants
 37 fire ants
 28 bugbears
  2 imps
  3 lemures
 10 wood nymphs
 15 water nymphs
  9 mountain nymphs
 14 Mordor orcs
 15 Uruk-hai
  3 rock piercers
  2 rock moles
  4 ponies
  2 fog clouds
  8 yellow lights
  3 shriekers
  7 violet fungi
 20 gnome leaders
  5 gnomish wizards
  3 kobold mummies
  4 gray oozes
  4 barrow wights
 27 elf zombies
 10 ghouls
  2 straw golems
  a paper golem
  3 jellyfish
 34 giant ants
  2 little dogs
 14 floating eyes
 24 dwarves
  a kobold leader
  5 kobold shamans
 38 hill orcs
 10 rothes
  a rabid rat
  3 centipedes
  3 giant bats
  2 monkeys
 18 orc zombies
 14 dwarf zombies
  a werejackal
  5 iguanas
 55 killer bees
  3 acid blobs
  2 coyotes
  a gas spore
  9 hobbits
 10 manes
  4 large kobolds
 23 hobgoblins
 11 giant rats
 15 cave spiders
  4 brown molds
  5 yellow molds
  3 green molds
  a red mold
 64 gnomes
  3 garter snakes
 18 gnome zombies
  7 geckos
  9 jackals
  3 foxes
  6 kobolds
 12 goblins
  6 sewer rats
 18 grid bugs
  3 bats
 10 lichens
 13 kobold zombies
 17 newts
2490 creatures vanquished.

Genocided or extinct species:
 erinyes (extinct)
 arch-liches
 master liches
 demiliches
 master mind flayers
 liches
 mind flayers
 dwarf rulers
 soldiers (extinct)
 dwarf leaders
 bugbears
 dwarves
 hobbits
11 species genocided.
2 species extinct.

Game over:
                       ----------
                      /          \
                     /    REST    \
                    /      IN      \
                   /     PEACE      \
                  /                  \
                  |      Brudee      |
                  |       0 Au       |
                  |   killed by a    |
                  | priest of Issek  |
                  |                  |
                  |                  |
                  |       2026       |
                 *|     *  *  *      | *
        _________)/\\_//(\/(/\)/\//\/|_)_______

Goodbye Brudee the Rogue...

You died in The Astral Plane with 1661468 points,
and 0 pieces of gold, after 38187 moves.
You were level 22 with a maximum of 147 hit points when you died.

